 Dungeon Crawl Stone Soup version 0.26-a0-597-gb535b0901c (webtiles) character file.

Game seed: 2096320628670242587

(classic levelgen) 24950 EnegeticOcto the Cleaver (level 12, -14/112 HPs)
             Began as a Deep Dwarf Fighter on Aug 26, 2020.
             Was a High Priest of Makhleb.
             Demolished by an orc warlord
             ... wielding a +0 long sword
              (36 damage)
             ... on level 2 of the Orcish Mines.
             The game lasted 00:07:05 (7052 turns).

EnegeticOcto the Cleaver (Deep Dwarf Fighter)       Turns: 7052, Time: 00:07:06

Health: -14/112    AC: 14    Str: 25    XL:     12   Next: 85%
Magic:  2/2        EV:  7    Int:  9    God:    Makhleb [*****.]
Gold:   872        SH: 12    Dex: 12    Spells: 11/11 levels left

rFire    + . .     SeeInvis .   a - +0 broad axe
rCold    + . .     Faith    +   c - +0 kite shield
rNeg     . . .     Spirit   .   l - +1 chain mail
rPois    .         Reflect  .   m - +0 helmet
rElec    .         Harm     .   (no cloak)
rCorr    .                      (no gloves)
MR       +....                  (no boots)
Stlth    ..........             C - amulet of faith
HPRegen  0.00/turn              k - ring of protection from cold
MPRegen  0.08/turn              p - ring of protection from fire

@: non-regenerating
A: damage resistance, heal wounds, sense surroundings 2, no regeneration
a: Heal Wounds, Minor Destruction, Lesser Servant of Makhleb, Major Destruction,
Greater Servant of Makhleb, Renounce Religion


You were on level 2 of the Orcish Mines.
You worshipped Makhleb.
Makhleb was extremely pleased with you.
You visited 2 branches of the dungeon, and saw 13 of its levels.

You collected 1047 gold pieces.
You spent 175 gold pieces at shops.

Inventory:

Hand Weapons
 a - a +0 broad axe (weapon)
 E - a +1 war axe of freezing
Missiles
 y - 6 throwing nets (quivered)
Armour
 c - a +0 kite shield (worn)
 j - a +0 cloak of magic resistance
 l - a +1 chain mail (worn)
 m - a +0 helmet (worn)
Jewellery
 k - a ring of protection from cold (left hand)
 p - a ring of protection from fire (right hand)
 C - an amulet of faith (around neck)
Wands
 i - a wand of flame (34) {@v4}
 D - a wand of iceblast (5)
Scrolls
 b - 2 scrolls of teleportation {@r3}
 h - 5 scrolls of identify {@r1}
 q - 2 scrolls of fog
 t - 2 scrolls of enchant weapon
 v - 2 scrolls of vulnerability {unknown}
 x - 2 scrolls of summoning
 z - 2 scrolls of immolation {@r4}
 B - a scroll of random uselessness {unknown}
Potions
 d - 2 potions of might {@q3}
 f - a potion of curing {@q1}
 g - a potion of haste {@q4}
 n - 2 potions of mutation
 o - 3 potions of heal wounds {@q2}
 r - 2 potions of flight
 s - a potion of resistance {@q6}
 u - a potion of lignification {@q7}
 A - 3 potions of ambrosia
Miscellaneous
 w - a condenser vane (inert)


   Skills:
 + Level 8.7 Fighting
 * Level 13.6 Axes
 + Level 10.4 Armour
 + Level 10.3 Shields
 + Level 10.2 Invocations
 + Level 5.7 Evocations


You had 11 spell levels left.
You didn't know any spells.
Your spell library was empty.

Dungeon Overview and Level Annotations

Branches:
Dungeon (11/15)            Temple (0/1) D:6            Lair (0/6) D:11
    Orc (1/2) D:11

Altars:
Ashenzari
Cheibriados
Hepliaklqana
Kikubaaqudgha
Makhleb
Okawaru
Qazlal
Ru
Vehumet
Wu Jian
Xom
The Shining One
Beogh

Shops:
D:4 (:   Orc:2 !(

Annotations:
D:4 1 exclusion
D:10 1 runed translucent door, p0werm0de's ghost, journeyman MiFi


Innate Abilities, Weirdness & Mutations

You are resistant to damage.
You can heal yourself by infusing magical energy.
You passively map the area around you.
You do not regenerate.


Message History

Your Executioner barely misses the troll.
Your Executioner hits the troll. x2; You block the orc knight's attack.
You block the orc warrior's attack.
The orc high priest hits you from afar with a +0 halberd.
The orc warlord hits you with a +0 long sword!!
* * * LOW HITPOINT WARNING * * *
The troll barely misses your Executioner.
The troll claws your Executioner but does no damage.
The troll closely misses your Executioner.
You are too injured to fight recklessly!
You feel much better.
Your Executioner hits the troll!! Your Executioner hits the troll.
The troll dies!
Makhleb accepts your kill. You block the warg's attack.
You block the rust devil's attack.
Your Executioner hits the rust devil!
Your Executioner closely misses the rust devil. x2
An orc knight comes into view. It is wielding a +0 great sword.
The orc knight roars a battlecry!
The orc knight goes into a battle-frenzy!
The orc warrior hits you but does no damage.
The orc knight hits you with a +0 war axe.
The orc high priest hits you but does no damage.
The warg bites you but does no damage.
The orc warlord hits you but does no damage.
As you read the scroll of fear, it crumbles to dust.
You assume a fearsome visage.
The rust devil is unaffected.
The orc knight looks frightened!
The orc warrior looks frightened!
The orc knight looks frightened!
The orc knight easily resists.
The orc warlord easily resists.
The orc warrior looks frightened!
The blizzard demon is unaffected.
Your Executioner is unaffected.
The orc high priest resists with some effort.
The warg resists with some effort.
The orc knight looks frightened!
The orc warrior looks frightened!
Your Executioner gestures.
Your Executioner seems to speed up.
The rust devil hits your Executioner.
The rust devil corrodes your Executioner!
The orc warrior howls in fear.
Your Executioner hits the rust devil!
Your Executioner hits the rust devil but does no damage. x2
You block the warg's attack.
The orc knight tries to recover its lost courage.
The orc high priest utters an invocation to Beogh.
Unknown command.
You feel much better.
Your Executioner hits the rust devil but does no damage.
Your Executioner hits the rust devil.
The rust devil dies!
The orc warlord hits you with a +0 long sword!!
The blizzard demon waves its arms in wide circles.
The air twists around and strikes you! The warg completely misses you.
Your Executioner completely misses the warg.
Your Executioner hits the warg. x2
The orc knight roars a battlecry!
The orc high priest barely misses you.
Your magical essence is drained by the effort!
You feel much better.
Your Executioner completely misses the warg.
Your Executioner hits the warg but does no damage.
Your Executioner hits the warg! Your Executioner hits the warg!!
The warg dies!
Makhleb accepts your kill. The blizzard demon gestures at you.
The bolt of lightning hits you!!
The orc knight wails, "Help!"
The orc warlord hits you with a +0 long sword!!
* * * LOW HITPOINT WARNING * * *
You swap places.
Your Executioner hits the blizzard demon!!
Your Executioner hits the blizzard demon but does no damage.
Your Executioner hits the blizzard demon!
Your Executioner hits the blizzard demon but does no damage.
Your Executioner hits the blizzard demon.
Your Executioner hits the blizzard demon but does no damage.
The blizzard demon closely misses you. The blizzard demon hits you.
The orc high priest hits you from afar with a +0 halberd!
* * * LOW HITPOINT WARNING * * *
The orc warrior mutters, "Damn and blast!"
The orc knight gives up.
The ice devil hits you but does no damage.
You block the red devil's attack.
You see here a bolt.
You feel much better.
Your Executioner hits the blizzard demon but does no damage.
Your Executioner barely misses the blizzard demon.
Your Executioner hits the blizzard demon.
Your Executioner hits the blizzard demon!!
Your Executioner hits the blizzard demon but does no damage.
Your Executioner hits the blizzard demon.
The blizzard demon waves its arms in wide circles.
The air twists around and strikes your Executioner!
Your Executioner misses the blizzard demon.
Your Executioner hits the blizzard demon.
Your Executioner hits the blizzard demon but does no damage.
The orc high priest calls upon Beogh to heal the orc knight.
The orc knight is healed somewhat.
The orc warlord hits you with a +0 long sword!!!
You die...

,,.....PP..... , * , ,
......P..[$$. , *
..P....P....., ... , * *
...P......# ...... , ,
.........##* ...$.., *
###...)..o#*....... ,
###....4o).####..... ,
.#....)41)()..#....## , ,
,.o....)o@2()........#*
,, ......)###.......### ,
< ,, ......##
##......#.## #.. ,
........##..........#....
** *
...o..............†......
,
.............###..)......
,
#o##....P....#*#..)......
,
####.........##..........
, ,,,
#.........))##.........


You could see an orc warlord (strong), 3 orc knights, a blizzard demon
(summoned), an orc high priest (strong), an ice devil (summoned), a red devil
(summoned), an orc warrior (strong, fleeing) and a friendly Executioner
(summoned, fast, corroded).

Vanquished Creatures
  Harold (D:8)
  An ogre mage (D:11)
  7 two-headed ogres
  Urug (D:10)
  A wolf spider zombie (D:9)
  2 orc knights (Orc:2)
  An ugly thing (D:11)
  3 orc sorcerers (Orc:2)
  4 centaur skeletons
  Maggie (D:7)
  2 hellwings (D:9)
  8 trolls
  2 hippogriffs
  Sigmund (D:2)
  A wraith (D:11)
  2 wyverns
  A shadow (D:8)
  4 yaks (D:9)
  3 wargs
  2 acid dragons (D:11)
  A water moccasin (D:10)
  21 orc warriors
  4 sky beasts
  2 black bears
  A hornet zombie (D:9)
  2 ice beasts
  2 necrophages
  3 centaurs
  10 ogres
  A big kobold (D:10)
  3 bullfrogs
  A gnoll sergeant (D:9)
  A wyvern skeleton (D:11)
  3 scorpions
  19 killer bees
  9 wights
  3 bullfrog zombies
  2 howler monkeys (D:8)
  A quasit (D:10)
  5 hounds
  5 centaur zombies
  16 orc priests
  A jelly (D:8)
  A bullfrog skeleton (D:9)
  4 iguanas
  17 orc wizards
  8 worker ants
  A hound zombie (D:10)
  A hound skeleton (D:10)
  2 worker ant zombies
  3 gnolls (D:9)
  8 adders
  2 howler monkey skeletons
  7 shadow imps
  5 ufetubi
  An ooze (D:6)
  2 adder zombies
  4 worms
  3 dart slugs
  5 leopard geckos
  80 orcs
  6 giant cockroaches
  4 goblins
  3 hobgoblins
  16 jackals
  7 quokkas
  A bat (D:3)
  6 frilled lizards
  7 kobolds
  A leopard gecko skeleton (D:4)
  2 leopard gecko zombies (D:8)
  2 quokka skeletons
  6 rats
379 creatures vanquished.

Vanquished Creatures (collateral kills)
  Maurice (Orc:2)
  A troll (Orc:2)
  2 wargs (Orc:2)
  2 orc warriors (Orc:2)
  An orc wizard (Orc:2)
  An orc (Orc:2)
8 creatures vanquished.

Vanquished Creatures (others)
  10 fungi (Orc:2)
  2 withered plants (D:9)
12 creatures vanquished.

Grand Total: 399 creatures vanquished

Notes
Turn   | Place    | Note
-------+----------+-------------------------------------------
     0 | D:1      | EnegeticOcto the Deep Dwarf Fighter began the quest for the
                  | Orb.
     0 | D:1      | Reached XP level 1. HP: 20/20 MP: 1/1
   185 | D:2      | Reached XP level 2. HP: 24/27 MP: 2/2
   200 | D:2      | Noticed Sigmund
   226 | D:2      | Reached skill level 3 in Axes
   246 | D:2      | Killed Sigmund
   246 | D:2      | Reached skill level 4 in Axes
   246 | D:2      | Reached XP level 3. HP: 34/34 MP: 2/2
   246 | D:2      | Reached XP level 4. HP: 42/42 MP: 3/3
   246 | D:2      | Reached XP level 5. HP: 49/49 MP: 4/4
   282 | D:2      | Found a sacrificial altar of Ru.
   816 | D:4      | Reached XP level 6. HP: 32/56 MP: 5/5
   915 | D:4      | Reached skill level 5 in Axes
  1019 | D:4      | Found Dautijar's Book Boutique.
  1083 | D:4      | Noticed a moth of wrath
  1147 | D:4      | Found a snail-covered altar of Cheibriados.
  1159 | D:4      | Found Dis Ufif's Antique Weapon Boutique.
  1303 | D:4      | Found a stormy altar of Qazlal.
  1498 | D:5      | Entered Level 5 of the Dungeon
  1559 | D:5      | Reached XP level 7. HP: 50/64 MP: 4/4
  1575 | D:5      | Reached skill level 5 in Armour
  1575 | D:5      | Reached skill level 5 in Shields
  1617 | D:5      | Reached skill level 6 in Axes
  1650 | D:5      | Found a shattered altar of Ashenzari.
  1915 | D:5      | Reached XP level 8. HP: 66/73 MP: 5/5
  1975 | D:5      | Found a burning altar of Makhleb.
  1994 | D:5      | Reached skill level 7 in Axes
  1998 | D:5      | Found a hazy altar of Hepliaklqana.
  2002 | D:5      | Became a worshipper of Makhleb the Destroyer
  2223 | D:6      | Reached skill level 1 in Invocations
  2569 | D:6      | Found a staircase to the Ecumenical Temple.
  2584 | D:6      | Reached skill level 5 in Fighting
  2963 | D:7      | Found a glowing golden altar of the Shining One.
  3005 | D:7      | Reached * piety under Makhleb
  3068 | D:7      | Reached skill level 8 in Axes
  3120 | D:7      | Gained mutation: You passively map the area around you.
                  | [Deep Dwarf growth]
  3120 | D:7      | Reached XP level 9. HP: 42/81 MP: 7/7
  3353 | D:7      | Noticed Maggie
  3368 | D:7      | Killed Maggie
  3604 | D:8      | Reached skill level 9 in Axes
  3606 | D:8      | Reached ** piety under Makhleb
  3762 | D:8      | Reached skill level 5 in Invocations
  3789 | D:8      | Noticed Harold
  3835 | D:8      | Killed Harold
  3835 | D:8      | Reached XP level 10. HP: 47/91 MP: 3/5
  3925 | D:8      | Reached skill level 10 in Axes
  4013 | D:8      | Found an ornate altar of the Wu Jian Council.
  4235 | D:8      | Found an ornate altar of the Wu Jian Council.
  4577 | D:9      | Reached skill level 11 in Axes
  4693 | D:9      | Reached XP level 11. HP: 95/100 MP: 3/3
  4695 | D:9      | Found an iron altar of Okawaru.
  4733 | D:9      | Reached *** piety under Makhleb
  4808 | D:9      | Found a radiant altar of Vehumet.
  5106 | D:9      | Noticed a two-headed ogre
  5114 | D:9      | Killed a two-headed ogre
  5282 | D:10     | Entered Level 10 of the Dungeon
  5382 | D:10     | Reached **** piety under Makhleb
  5493 | D:10     | Found an ancient bone altar of Kikubaaqudgha.
  5602 | D:10     | Reached skill level 12 in Axes
  5634 | D:10     | Found a runed translucent door.
  5635 | D:10     | Noticed Urug
  5636 | D:10     | Found a shimmering altar of Xom.
  5636 | D:10     | Noticed a +1 long sword of chaos
  5636 | D:10     | Noticed p0werm0de's ghost (journeyman MiFi)
  5656 | D:10     | Killed Urug
  5875 | D:11     | Reached skill level 1 in Evocations
  5942 | D:11     | Found a staircase to the Orcish Mines.
  5999 | D:11     | Noticed a cyan ugly thing
  6020 | D:11     | Killed a cyan ugly thing
  6106 | D:11     | Noticed a two-headed ogre
  6106 | D:11     | Noticed a two-headed ogre
  6107 | D:11     | Noticed a two-headed ogre
  6111 | D:11     | Noticed a two-headed ogre
  6111 | D:11     | Noticed an ogre mage
  6113 | D:11     | Noticed a two-headed ogre
  6114 | D:11     | Noticed a two-headed ogre
  6116 | D:11     | Killed a two-headed ogre
  6118 | D:11     | Killed an ogre mage
  6118 | D:11     | Killed a two-headed ogre
  6118 | D:11     | Reached XP level 12. HP: 87/110 MP: 5/5
  6121 | D:11     | Killed a two-headed ogre
  6122 | D:11     | Killed a two-headed ogre
  6124 | D:11     | Killed a two-headed ogre
  6126 | D:11     | Killed a two-headed ogre
  6137 | D:11     | Reached ***** piety under Makhleb
  6142 | D:11     | Reached skill level 13 in Axes
  6164 | D:11     | Reached skill level 10 in Armour
  6209 | D:11     | Found a roughly hewn altar of Beogh.
  6711 | D:11     | Found a staircase to the Lair.
  6812 | Orc:1    | Entered Level 1 of the Orcish Mines
  6830 | Orc:1    | Reached skill level 10 in Shields
  6909 | Orc:1    | You fall into a shaft and drop 1 floor!
  6909 | Orc:2    | Entered Level 2 of the Orcish Mines
  6909 | Orc:2    | Found Koewkuf's Antique Weapon Shop.
  6909 | Orc:2    | Noticed Maurice
  6936 | Orc:2    | Reached skill level 5 in Evocations
  6942 | Orc:2    | Found Detotus's Distillery.
  6956 | Orc:2    | Bought a runed broad axe for 175 gold pieces
  6972 | Orc:2    | Killed Maurice
  6974 | Orc:2    | Reached skill level 10 in Invocations
  7036 | Orc:2    | Noticed an orc high priest
  7037 | Orc:2    | Noticed an orc warlord
  7041 | Orc:2    | Noticed a blizzard demon
  7051 | Orc:2    | HP: 4/112 [orc high priest/+0 halberd (12)]
  7052 | Orc:2    | Demolished by an orc warlord

Illustrated notes

Levels and vault maps discovered:
D:1:      minmay_arrival_stone_box, layout_basic, serial_glass, glass_columns_c,
          glass_columns_a, glass_columns_b, glass_columns_a, glass_columns_a
D:2:      minmay_evil_eye, layout_rooms, nicolae_overflow_hidden_temple,
          zin_treasury, grunt_gozag_statues, fedhas_altar_4, uniq_sigmund
D:3:      layout_rooms, supply_closet_lemuel, minmay_misc_feat_x
D:4:      layout_loops_ring, grunt_qazlal_sundering, tgw_trog,
          kennysheep_slug_shrine, serial_shops, nicolae_shop_trees, shop
D:5:      layout_cave_pools, ashenzari_conservatory_becter, minitemple
D:6:      layout_loops_corners, minmay_temple_entry_statues_pillars, st_stairs_7
D:7:      layout_rooms, kennysheep_little_box, eino_jars, uniq_maggie
D:8:      minmay_slanted_spiral_squares, layout_basic, lemuel_crystal_altar,
          basic_altar, hangedman_decor_riveting, uniq_harold
D:9:      cheibrodos_grave_circle, layout_irregular_city, vehumet_altar_wand_db,
          okawaru_ov_weapons_minmay
D:10:     layout_rooms, ebering_ghost_xom, serial_glass, glass_columns_a,
          glass_columns_b, glass_columns_a, glass_columns_b, lemuel_tele_altar,
          uniq_urug
D:11:     layout_layer_cave, lair_entry_dummy, orc_0_dummy, special_room
          [special_room_orc], grunt_ministairs_9
Orc:1:    layout_caves, uniq_fannar
Orc:2:    grunt_orc_gardens, layout_diamond_mine, grunt_orc_garden,
          grunt_orc_garden, grunt_orc_garden, grunt_orc_garden, basic_altar,
          serial_shops, shop, uniq_maurice

Skill      XL: |  1  2  3  4  5  6  7  8  9 10 11 12 |
---------------+-------------------------------------+-----
Axes           | 4 5 6 8 9 11 12 13 | 13.6
Fighting       | 3 4 5 6 7 8 |  8.7
Armour         | 4 5 6 7 8 9 10 | 10.4
Shields        | 4 5 6 7 8 9 10 | 10.3
Invocations    | 3 5 7 9 10 | 10.2
Evocations     | 3 5 |  5.7

Action                   |  1- 3 |  4- 6 |  7- 9 | 10-12 || total
-------------------------+-------+-------+-------+-------++-------
Melee: War axe           |    52 |   193 |   425 |   595 ||  1265
       Broad axe         |       |       |       |    46 ||    46
Invok: Lesser Servant of |       |       |       |     3 ||     3
       Greater Servant o |       |       |       |     2 ||     2
 Abil: Heal Wounds       |     6 |     4 |    21 |    44 ||    75
Evoke: Condenser vane    |       |       |       |     3 ||     3
  Use: Scroll            |       |       |    20 |     6 ||    26
       Potion            |       |       |     3 |     1 ||     4
 Stab: Confused          |       |       |       |     8 ||     8
       Distracted        |       |       |       |     1 ||     1
Armor: Scale mail        |    34 |    16 |       |       ||    50
       Chain mail        |       |    83 |   268 |   439 ||   790
Dodge: Dodged            |    26 |    46 |   124 |   217 ||   413
Block: Kite shield       |    39 |   100 |   245 |   550 ||   934

Table legend: (Time is in decaauts)
 A = Elapsed time spent in this place.
 B = Non-inter-level travel time spent in this place.
 C = Inter-level travel time spent in this place.
 D = Time resting spent in this place.
 E = Time spent auto-exploring this place.
 F = Levels seen in this place.
 G = Mean time per level.
                   A        B        C        D        E       F      G
               +--------+--------+--------+--------+--------+-----+--------+
         Total |   7202 |   6859 |    343 |      0 |   4554 |  13 |  554.0 |
       Dungeon |   6974 |   6631 |    343 |      0 |   4512 |  11 |  634.0 |
  Orcish Mines |    228 |    228 |      0 |      0 |     42 |   2 |  114.0 |
               +--------+--------+--------+--------+--------+-----+--------+

Top non-repeatable levels by time:
    D:11: 968 daAuts
     D:8: 952 daAuts
     D:6: 877 daAuts
     D:9: 849 daAuts
     D:4: 737 daAuts
     D:5: 632 daAuts
     D:7: 557 daAuts
    D:10: 555 daAuts
     D:3: 470 daAuts
     D:2: 235 daAuts
   Orc:2: 137 daAuts
     D:1: 137 daAuts
   Orc:1: 90 daAuts
